 Dungeon Crawl Stone Soup version 0.23.0-3-gf3c87f2 (webtiles) character file.

Game seed: 2999560319854421043

582146 AtlasWard the Lord of Darkness (level 27, -9/238 HPs)
             Began as a Ghoul Monk on Feb 19, 2019.
             Was the Champion of Kikubaaqudgha.
             Mangled by an Orb Guardian (22 damage)
             ... on level 5 of the Realm of Zot on Feb 21, 2019.
             The game lasted 06:41:02 (66610 turns).

AtlasWard the Lord of Darkness (Ghoul Monk)        Turns: 66610, Time: 06:41:03

Health: -9/238     AC: 31    Str: 17 (18) XL:     27
Magic:  7/36       EV:  8    Int: 13 (15) God:    Kikubaaqudgha [******]
Gold:   3019       SH:  0    Dex:  9 (10) Spells: 11/46 levels left

rFire    + + +     SeeInvis +   a - +9 spear (pain)
rCold    + + +     Gourm    .   X - +5 shield {AC+3}
rNeg     + + +     Faith    .   M - +6 fire dragon scales {Xtahua}
rPois    ∞         Spirit   .   J - +3 crown of Dyrovepreva {rElec Int+2 SInv}
rElec    +         Reflect  +   T - scarf {repulsion}
rCorr    .         Harm     .   C - +1 pair of gloves of the Raven {rPois rC+ Int+4 Dex+4}
MR       +++++                  Z - +2 pair of boots {Fly}
Stlth    ..........             Q - amulet "Hycwizam" {Reflect +Inv rC++ rN+ Int-4 SH+4}
HPRegen  0.00/turn              e - ring "Gach" {rF+ rN+ MR+ Dex-5 Slay+3, =R}
MPRegen  0.25/turn              R - ring of Tueveur {rN+ MR++ Str-2}

@: confused, about to teleport, marked, flying, held, rotting, hasted, repel
missiles, very quick
A: rotting body, claws 1, carnivore, cold resistance 1, negative energy
resistance 3, inhibited regeneration, torment resistance, unbreathing
}: 3/15 runes: serpentine, barnacled, silver
a: Receive Corpses, Torment, Renounce Religion, Evoke Invisibility, Stop Flying


You were on level 5 of the Realm of Zot.
You worshipped Kikubaaqudgha.
Kikubaaqudgha was exalted by your worship.
You were not hungry.

You visited 10 branches of the dungeon, and saw 50 of its levels.
You visited 1 bazaar.
You also visited: Trove, Sewer, Gauntlet and Wizlab.

You collected 7090 gold pieces.
You spent 4071 gold pieces at shops.

Inventory:

Hand Weapons
 a - a +9 spear of pain (weapon)
 b - a +6 demon trident of flaming
Armour
 f - the +3 warlock's mirror {reflect}
   (You bought it in a shop on level 2 of the Snake Pit)
 C - the +1 pair of gloves of the Raven (worn) {rPois rC+ Int+4 Dex+4}
   (You bought it in a shop on level 5 of the Vaults)

   It affects your intelligence (+4).
   It affects your dexterity (+4).
   It protects you from cold.
   It protects you from poison.
 J - the +3 crown of Dyrovepreva (worn) {rElec Int+2 SInv}
   (You found it in a treasure trove)

   It affects your intelligence (+2).
   It insulates you from electricity.
   It lets you see invisible.
 M - +6 fire dragon scales (worn) {Xtahua}
 T - a scarf of repulsion (worn)
 X - a +5 shield of protection (worn)
 Z - a +2 pair of boots of flying (worn)
Jewellery
 e - the ring "Gach" (left hand) {rF+ rN+ MR+ Dex-5 Slay+3, =R}
   (You found it on level 6 of the Lair of Beasts)

   [ring of protection from magic]

   It affects your dexterity (-5).
   It affects your accuracy and damage with ranged weapons and melee attacks
   (+3).
   It protects you from fire.
   It protects you from negative energy.
   It affects your resistance to hostile enchantments.
 q - the ring "Ehoaral" {+Fly Str+3}
   (You acquired it on level 2 of the Vaults)

   [ring of flight]

   It affects your strength (+3).
   It lets you fly.
 Q - the amulet "Hycwizam" (around neck) {Reflect +Inv rC++ rN+ Int-4 SH+4}
   (You bought it in a shop on level 6 of the Dungeon)

   [amulet of reflection]

   It shields you and reflects attacks.
   It affects your intelligence (-4).
   It greatly protects you from cold.
   It protects you from negative energy.
   It lets you turn invisible.
   It affects your SH (+4).
 R - the ring of Tueveur (right hand) {rN+ MR++ Str-2}
   (You bought it in a shop on level 6 of the Dungeon)

   [ring of positive energy]

   It affects your strength (-2).
   It protects you from negative energy.
   It affects your resistance to hostile enchantments.
Wands
 m - a wand of clouds (14)
 u - a wand of digging (21)
 w - a wand of scattershot (4)
 y - a wand of polymorph (13)
 D - a wand of iceblast (13)
 Y - a wand of acid (34)
Scrolls
 d - 3 scrolls of enchant armour
 i - 28 scrolls of teleportation
 k - 4 scrolls of silence
 l - 10 scrolls of amnesia
 r - 17 scrolls of identify
 t - 2 scrolls of fear
 v - a scroll of torment
 A - 4 scrolls of magic mapping
 B - 14 scrolls of immolation
 E - 4 scrolls of blinking
 F - 21 scrolls of remove curse
 K - 5 scrolls of fog
Potions
 g - 3 potions of resistance
 h - 3 potions of haste
 j - 5 potions of invisibility
 o - 7 potions of ambrosia
 p - 2 potions of agility
 x - 4 potions of cancellation
 z - 8 potions of brilliance
 G - 3 potions of might
 H - 2 potions of magic
 S - 21 potions of curing
Comestibles
 c - 90 rations


   Skills:
 - Level 18.0 Fighting
 - Level 16.0 Polearms
 - Level 15.0 Armour
 + Level 14.5 Dodging
 - Level 2.1 Stealth
 - Level 15.0 Shields
 - Level 4.0 Unarmed Combat
 - Level 10.0 Spellcasting
 + Level 24.5 Necromancy
 - Level 3.0 Translocations
 - Level 10.0 Ice Magic
 - Level 8.0 Earth Magic
 - Level 4.0 Evocations


You had 11 spell levels left.
You knew the following spells:

 Your Spells              Type           Power        Failure   Level  Hunger
c - Animate Skeleton      Necr           N/A          0%          1    None
d - Pain                  Necr           ####         0%          1    None
e - Death Channel         Necr           ######....   1%          6    ######.
q - Dispel Undead         Necr           ######..     1%          5    #####..
r - Agony                 Necr           ######..     1%          5    #####..
w - Borgnjor's Vile Clut  Necr/Erth      #####.....   1%          5    #####..
B - Blink                 Tloc           N/A          14%         2    None
C - Simulacrum            Ice/Necr       ######....   4%          6    ######.
R - Animate Dead          Necr           N/A          0%          4    ###....

Your spell library contained the following spells:

 Spells                   Type           Power        Failure   Level  Hunger
 Corpse Rot               Necr           N/A          0%          2    None
 Vampiric Draining        Necr           ######....   0%          3    #......
 Freeze                   Ice            ####         1%          1    None
 Sandblast                Erth           ####..       1%          1    None
 Regeneration             Chrm/Necr      #####.....   1%          3    #......
 Bolt of Draining         Conj/Necr      #####.....   5%          5    #####..
 Excruciating Wounds      Chrm/Necr      #####.....   5%          5    #####..
 Throw Frost              Conj/Ice       ###...       6%          2    None
 Apportation              Tloc           ##....       9%          1    None
 Passwall                 Tmut/Erth      ###.....     9%          2    None
 Infestation              Necr           ######....   9%          8    #######
 Ozocubu's Armour         Chrm/Ice       ###.....     12%         3    #......
 Stone Arrow              Conj/Erth      ###...       19%         3    #......
 Shroud of Golubria       Chrm/Tloc      ##........   26%         2    None
 Gell's Gravitas          Tloc           ##........   26%         3    #......
 Lesser Beckoning         Tloc           ##........   26%         3    #......
 Teleport Other           Tloc           ##......     26%         3    #......
 Confusing Touch          Hex            #.....       30%         1    None
 Flame Tongue             Conj/Fire      #....        30%         1    None
 Infusion                 Chrm           #...         30%         1    None
 Magic Dart               Conj           #...         30%         1    None
 Shock                    Conj/Air       #...         30%         1    None
 Summon Butterflies       Summ           #.......     30%         1    None
 Summon Small Mammal      Summ           #...         30%         1    None
 Lee's Rapid Deconstruct  Erth           ####......   32%         5    #####..
 Summon Ice Beast         Ice/Summ       ###.....     36%         4    ###....
 Throw Icicle             Conj/Ice       ###.....     36%         4    ###....
 Call Imp                 Summ           #.......     43%         2    None
 Poisonous Vapours        Pois/Air       #.....       43%         2    None
 Searing Ray              Conj           #.....       43%         2    None
 Slow                     Hex            #.......     43%         2    None
 Song of Slaying          Chrm           #.......     43%         2    None
 Sticks to Snakes         Tmut           #.......     43%         2    None
 Swiftness                Chrm/Air       #.......     43%         2    None
 Throw Flame              Conj/Fire      #.....       43%         2    None
 Recall                   Summ/Tloc      N/A          45%         3    #......
 Leda's Liquefaction      Hex/Erth       ###.......   52%         4    ###....
 Petrify                  Tmut/Erth      ###.....     52%         4    ###....
 Ozocubu's Refrigeration  Ice            ####......   61%         6    ######.
 Passage of Golubria      Tloc           N/A          65%         4    ###....
 Call Canine Familiar     Summ           #.......     67%         3    #......
 Confuse                  Hex            #.......     67%         3    #......
 Conjure Flame            Conj/Fire      #.......     67%         3    #......
 Dazzling Spray           Conj/Hex       #.....       67%         3    #......
 Ignite Poison            Fire/Tmut/Pois #.......     67%         3    #......
 Inner Flame              Hex/Fire       #.......     67%         3    #......
 Mephitic Cloud           Conj/Pois/Air  #.......     67%         3    #......
 Spectral Weapon          Hex/Chrm       #.......     67%         3    #......
 Static Discharge         Conj/Air       #.......     67%         3    #......
 Summon Guardian Golem    Hex/Summ       #.......     67%         3    #......
 Tukima's Dance           Hex            #.......     67%         3    #......
 Metabolic Englaciation   Hex/Ice        ###.......   73%         5    #####..
 Force Lance              Conj/Tloc      ##......     86%         4    ###....
 Haunt                    Necr/Summ      #####.....   86%         7    #######
 Airstrike                Air            #.........   97%         4    ###....
 Cause Fear               Hex            #.........   97%         4    ###....
 Fulminant Prism          Conj/Hex       #.........   97%         4    ###....
 Iskenderun's Mystic Bla  Conj           #.......     97%         4    ###....
 Sticky Flame             Conj/Fire      #.......     97%         4    ###....
 Summon Lightning Spire   Summ/Air       #.......     97%         4    ###....
 Summon Forest            Summ/Tloc      ##........   99%         5    #####..
 Bolt of Cold             Conj/Ice       ###.......   99%         6    ######.
 Alistair's Intoxication  Tmut/Pois      #.......     100%        5    #####..
 Aura of Abjuration       Summ           #.........   100%        5    #####..
 Fireball                 Conj/Fire      #.........   100%        5    #####..
 Irradiate                Conj/Tmut      #.........   100%        5    #####..
 Iskenderun's Battlesphe  Conj/Chrm      #.......     100%        5    #####..
 Lightning Bolt           Conj/Air       #.........   100%        5    #####..
 Silence                  Hex/Air        #.........   100%        5    #####..
 Summon Demon             Summ           #.........   100%        5    #####..
 Summon Mana Viper        Hex/Summ       #.......     100%        5    #####..
 Venom Bolt               Conj/Pois      #.........   100%        5    #####..
 Yara's Violent Unravell  Hex/Tmut       #.........   100%        5    #####..
 Bolt of Fire             Conj/Fire      #.........   100%        6    ######.
 Deflect Missiles         Chrm/Air       #.........   100%        6    ######.
 Freezing Cloud           Conj/Ice/Air   ###.......   100%        6    ######.
 Invisibility             Hex            #.......     100%        6    ######.
 Shadow Creatures         Summ           N/A          100%        6    ######.
 Orb of Destruction       Conj           #.........   100%        7    #######
 Ring of Flames           Chrm/Fire      #.........   100%        7    #######
 Discord                  Hex            #.........   100%        8    #######
 Ignition                 Fire           #.........   100%        8    #######
 Dragon's Call            Summ           #.........   100%        9    #######
 Shatter                  Erth           ####......   100%        9    #######
 Tornado                  Air            #.........   100%        9    #######
 Sublimation of Blood     Necr           Unusable     N/A         2    N/A
 Borgnjor's Revivificati  Necr           Unusable     N/A         8    N/A
 Beastly Appendage        Tmut           Unusable     N/A         1    N/A
 Ice Form                 Ice/Tmut       Unusable     N/A         4    N/A
 Spider Form              Tmut/Pois      Unusable     N/A         3    N/A
 Blade Hands              Tmut           Unusable     N/A         5    N/A
 Hydra Form               Tmut           Unusable     N/A         6    N/A
 Statue Form              Tmut/Erth      Unusable     N/A         6    N/A
 Dragon Form              Tmut           Unusable     N/A         7    N/A
 Death's Door             Chrm/Necr      Unusable     N/A         8    N/A
 Necromutation            Tmut/Necr      Unusable     N/A         8    N/A

Dungeon Overview and Level Annotations

Branches:
Dungeon (15/15)            Temple (1/1) D:6            Lair (6/6) D:10
 Shoals (4/4) Lair:2        Snake (4/4) Lair:2        Slime (0/5) Lair:5
    Orc (2/2) D:12            Elf (3/3) Orc:2        Vaults (5/5) D:14
  Crypt (0/3) Vaults:2     Depths (5/5) D:15            Zot (5/5) Depths:5

Altars:
Ashenzari
Cheibriados
Dithmenos
Elyvilon
Fedhas
Gozag
Hepliaklqana
Kikubaaqudgha
Makhleb
Nemelex Xobeh
Okawaru
Qazlal
Ru
Sif Muna
Trog
Uskayaw
Vehumet
Wu Jian
Xom
Yredelemnul
Zin
The Shining One
Beogh

Shops:
D:6 (?=}*   D:10 }   Orc:2 *:%(   Elf:2 }(   Snake:1 !   Snake:2 =%[
Snake:4 =}}   Vaults:1 =   Vaults:5 [

Portals:
Hell: Depths:1 Depths:2 Depths:3 Depths:4 Depths:5
Abyss: Depths:3 Depths:4
Pandemonium: Orc:2 Depths:3
Ziggurat: Depths:2

Annotations:
D:6 exclusion: statue
Lair:3 1 runed translucent door
Snake:1 2 transporters
Elf:2 exclusion: 5 doors


Innate Abilities, Weirdness & Mutations

Your body is rotting away.
You thrive on raw meat.
You are immune to poison.
You have sharp fingernails.
You are carnivorous and can eat meat at any time.
Your flesh is cold resistant. (rC+)
You are immune to negative energy. (rN+++)
You do not regenerate when monsters are visible.
You are immune to unholy pain and torment.
You can survive without breathing.


Message History

You feel yourself speed up.
The Orb Guardian hits you but does no damage.
You block the Orb Guardian's attack.
Unknown command.
The Orb Guardian hits you but does no damage.
The Orb Guardian drops a net on you. A large net falls onto you!
You become entangled in the net!
The Orb Guardian hits you but does no damage. x2
The electric golem blinks!
You see here a throwing net.
Unknown command.
Unknown command.
You are confused.
You feel invigorated.
The Orb Guardian pulls the alarm!
The alarm trap emits a blaring wail!
A sentinel's mark forms upon you.
The Orb Guardian hits you but does no damage.
The Orb Guardian hits you!!
You die...
Kikubaaqudgha rasps: "You have failed me!
Welcome... oblivion!"

▓▓▓▓▓▓▓
...X...▓▓ .
....X.X^▓▓ ...
...^.XXX.▓.....
.^.0..X@X......
......X^X▓§....
§.......▓▓ .8..
.......▓▓ ...
▓▓▓▓▓▓▓ .. .
▓▓▓▓#
#▓▓▓▓▓▓▓▓▓▓▓#


You could see an electric golem and 10 Orb Guardians.

Vanquished Creatures
  2 ancient liches (Zot:5)
  An orb of fire (Zot:5)
  A juggernaut (Depths:4)
  Sojobo (Vaults:4)
  Frederick (Vaults:4)
  Boris (Depths:3)
  2 Killer Klowns (Zot:3)
  A curse toe (Zot:4)
  Xtahua (Vaults:3)
  3 golden dragons
  2 liches
  7 tentacled monstrosities
  4 quicksilver dragons
  A deep elf master archer (Elf:3)
  4 titans (Vaults:5)
  6 Orb Guardians (Zot:5)
  2 deep elf blademasters (Elf:3)
  3 sphinxes (Vaults:5)
  Polyphemus (Shoals:4)
  3 death cobs
  9 tengu reavers
  3 shadow dragons
  8 storm dragons
  5 draconian monks
  Kirke (Snake:3)
  Roxanne (Shoals:3)
  9 nagarajas (Snake:4)
  7 fire giants
  5 draconian knights
  An iron dragon (Vaults:5)
  A deep elf sorcerer (Vaults:3)
  10 frost giants
  2 orc warlords
  A curse skull (Depths:2)
  19 vault wardens
  2 draconian scorchers
  6 draconian shifters
  2 deep elf elementalists
  6 draconian annihilators
  11 ironheart preservers
  2 caustic shrike skeletons (Depths:2)
  3 spriggan defenders
  12 stone giants
  2 war gargoyles (Vaults:5)
  A juggernaut skeleton (Depths:2)
  2 entropy weavers
  16 very ugly things
  A vampire knight (Depths:5)
  8 deep elf demonologists
  10 green draconians
  10 black draconians
  2 red draconians
  A dire elephant (Zot:3)
  8 purple draconians
  A minotaur (Gauntlet)
  8 deep elf annihilators
  5 spark wasps
  11 yellow draconians
  2 white draconians
  7 ettins
  A crystal guardian (Vaults:4)
  2 merfolk javelineers (Shoals:4)
  6 statues (WizLab)
  2 jiangshi (Depths:5)
  4 fire dragons
  17 ogre magi
  5 merfolk impalers
  9 yaktaur captains
  7 deep elf death magi
  Erolcha (Orc:2)
  6 deep elf high priests
  8 hydras
  11 ice dragons
  A rakshasa (Depths:4)
  22 vault guards
  A hell beast (Gauntlet)
  16 naga warriors
  2 great orbs of eyes
  2 catoblepae
  A death knight (D:14)
  A merfolk avatar (Shoals:4)
  An anaconda (shapeshifter) (Vaults:5)
  3 alligator snapping turtles
  6 merfolk aquamancers
  4 anacondas
  44 two-headed ogres
  6 spriggan air magi
  15 dancing weapons
  9 centaur warriors
  A satyr (Shoals:4)
  7 death yaks
  8 orc high priests
  A small abomination (Vaults:5)
  3 deep troll earth magi
  3 tengu warriors
  A vampire mage (Depths:5)
  4 deep troll shamans
  6 shock serpents
  2 spriggan berserkers (Depths:5)
  10 naga sharpshooters
  10 deep elf knights
  7 hell knights
  A fire crab (shapeshifter) (Vaults:3)
  26 skeletal warriors
  Nergalle (Lair:2)
  2 shadow wraiths
  12 sea snakes
  4 salamander mystics
  A storm dragon skeleton (Depths:2)
  A death drake (shapeshifter) (Depths:1)
  3 iron trolls (Depths:1)
  An unseen horror (shapeshifter) (Vaults:1)
  An infernal demonspawn (Orc:2)
  5 unseen horrors
  9 deep elf archers
  A torturous demonspawn (Orc:2)
  3 naga ritualists (Snake:4)
  2 glowing orange brains
  5 wizards
  12 deep trolls
  6 necromancers
  3 phantasmal warriors (Vaults:5)
  An orb spider (shapeshifter) (Depths:1)
  A mana viper (shapeshifter) (Vaults:5)
  10 orc knights
  12 ironbrand convokers
  2 shadow dragon skeletons (Depths:2)
  2 golden dragon skeletons (Depths:2)
  A tengu skeleton (Depths:2)
  13 harpies
  3 fauns
  2 wolf spiders
  11 orc sorcerers
  64 deep elf magi
  6 mana vipers
  10 manticores
  6 cyclopes
  23 ugly things
  A faun (shapeshifter) (Depths:1)
  2 sphinx skeletons (Depths:2)
  11 salamanders
  3 oklob plants (Lair:4)
  2 fire giant skeletons (Depths:2)
  6 moths of wrath
  5 guardian serpents
  5 elephants (Lair:5)
  2 stone giant skeletons (Depths:2)
  3 merfolk sirens
  6 vault sentinels
  4 frost giant skeletons (Depths:2)
  2 smoke demons
  22 black mambas
  7 spiny frogs
  10 naga magi
  6 water nymphs
  2 elf skeletons (Depths:2)
  A torpor snail (Lair:4)
  A kobold demonologist (D:14)
  3 gargoyles
  A human zombie (Vaults:3)
  3 rime drakes
  An efreet (D:14)
  3 freezing wraiths
  39 yaktaurs
  8 komodo dragons
  A hellwing (Orc:2)
  2 ice devils (Orc:2)
  A queen bee (Lair:2)
  10 trolls
  3 meliai (D:13)
  2 polar bears
  2 trolls (shapeshifter)
  4 wind drakes
  31 merfolk
  A merfolk (shapeshifter) (Vaults:5)
  5 hornets
  29 slime creatures
  Grinder (D:5)
  9 snapping turtles
  A snapping turtle (shapeshifter) (Vaults:5)
  4 dream sheep (Lair:4)
  2 blink frogs (Lair:1)
  6 hippogriffs
  13 flying skulls (Depths:2)
  A stone giant simulacrum (Vaults:2)
  An air elemental (Elf:2)
  5 wyverns
  An ettin skeleton (Depths:2)
  A spriggan skeleton (Depths:2)
  2 redbacks
  3 hogs
  A wraith (D:15)
  A shadow (D:11)
  52 yaks
  A hog (shapeshifter) (Depths:2)
  A neqoxec (Orc:2)
  16 water elementals
  4 fire elementals
  11 humans
  A basilisk (Lair:5)
  3 vampire mosquitoes (D:13)
  A hungry ghost (D:7)
  7 wargs
  Edmund (D:4)
  47 nagas
  An acid dragon (Vaults:2)
  5 water moccasins
  A human skeleton (Depths:2)
  A floating eye (shapeshifter) (Vaults:5)
  3 ice beasts
  7 porcupines
  A hornet zombie (D:13)
  2 phantoms
  5 sky beasts
  51 orc warriors
  2 black bears
  An eye of draining (D:15)
  44 ogres
  10 boggarts
  13 wolves
  16 centaurs
  14 crocodiles
  5 big kobolds
  16 bullfrogs
  An earth elemental (Elf:1)
  A wyvern zombie (D:10)
  A scorpion (D:11)
  14 killer bees
  11 wights
  2 electric eels (Lair:2)
  4 howler monkeys
  12 crimson imps
  A quasit (D:12)
  3 jellies
  20 orc priests
  Crazy Yiuf (D:5)
  3 centaur zombies
  A hound (D:7)
  A human simulacrum (Vaults:3)
  23 orc wizards
  A gnoll shaman (D:4)
  4 bullfrog skeletons
  5 centaur skeletons
  5 iguanas
  13 worker ants
  Terence (D:2)
  3 hound skeletons
  7 gnolls
  A river rat (D:4)
  15 adders
  4 shadow imps
  6 oozes
  An adder zombie (D:8)
  An adder skeleton (D:8)
  A worm (shapeshifter) (Vaults:3)
  4 dart slugs
  10 leopard geckos
  96 orcs
  15 bats
  9 giant cockroaches
  5 hobgoblins
  28 jackals
  28 kobolds
  3 ball pythons
  18 frilled lizards
  6 goblins
  A leopard gecko zombie (D:7)
  21 rats
  2 crawling corpses (Elf:3)
  A fungus (Elf:2)
  A plant (Lair:6)
1870 creatures vanquished.

Vanquished Creatures (collateral kills)
  Mennas (Vaults:3)
  Boris (Vaults:3)
  3 Killer Klowns (Zot:3)
  Margery (Depths:1)
  A curse toe (Zot:2)
  A golden dragon (Zot:5)
  2 hellephants (Zot:3)
  5 tentacled monstrosities
  2 liches
  2 quicksilver dragons
  Asterion (Depths:3)
  4 Orb Guardians (Zot:5)
  2 death cobs
  2 shadow dragons
  A storm dragon (Vaults:5)
  A tengu reaver (Vaults:5)
  A fire giant (Depths:3)
  A frost giant (Vaults:5)
  An iron dragon (Depths:4)
  2 draconian scorchers
  A ghost moth (shapeshifter) (Depths:5)
  A deep elf sorcerer (Vaults:5)
  A deep elf elementalist (Elf:3)
  3 vault wardens
  3 draconian shifters
  Louise (Snake:2)
  3 ironheart preservers
  5 very ugly things
  2 draconian annihilators
  An entropy weaver (Vaults:1)
  6 stone giants
  A yellow draconian (Depths:5)
  5 green draconians
  A dire elephant (Zot:3)
  A spark wasp (Depths:1)
  3 deep elf annihilators (Elf:3)
  A white draconian (Zot:5)
  3 purple draconians
  2 black draconians
  3 statues (WizLab)
  A deep elf death mage (Elf:3)
  4 red draconians
  2 merfolk javelineers
  3 yaktaur captains
  6 merfolk impalers
  2 fire dragons
  3 deep elf high priests
  3 great orbs of eyes
  9 vault guards
  A rakshasa (Vaults:1)
  8 ogre magi
  3 ice dragons
  3 spriggan air magi
  2 catoblepae (Lair:6)
  An anaconda (Snake:1)
  4 naga warriors (Snake:4)
  An alligator snapping turtle (Shoals:4)
  2 merfolk aquamancers
  A satyr (Shoals:2)
  4 deep troll earth magi
  2 centaur warriors
  A dancing weapon (Elf:2)
  23 two-headed ogres
  2 tengu warriors
  2 death yaks
  3 naga sharpshooters
  2 spriggan berserkers
  An orc high priest (Orc:2)
  9 hell knights
  A deep elf knight (Vaults:3)
  A salamander mystic (Snake:4)
  8 sea snakes
  4 flayed ghosts
  A torturous demonspawn (Orc:2)
  11 deep trolls
  A necromancer (Depths:5)
  2 deep elf archers
  4 harpies
  3 ironbrand convokers
  3 naga ritualists
  8 orc knights
  2 manticores
  19 ugly things
  8 deep elf magi
  A tengu skeleton (Depths:2)
  A mana viper (Snake:4)
  6 salamanders
  4 fauns (Shoals:2)
  4 moths of wrath
  6 black mambas
  4 elephants
  7 merfolk sirens
  2 guardian serpents (Snake:4)
  2 naga magi
  5 water nymphs
  A centaur skeleton (D:15)
  2 vault sentinels
  A komodo dragon (shapeshifter) (Depths:3)
  2 spiny frogs
  14 yaktaurs
  A human zombie (Vaults:4)
  2 rime drakes
  3 komodo dragons
  A tengu conjurer (Depths:5)
  A jumping spider (Vaults:1)
  9 merfolk
  A wind drake (Shoals:3)
  A tengu simulacrum (Vaults:4)
  A blink frog (Lair:1)
  6 slime creatures
  3 hippogriffs
  A snapping turtle (Shoals:4)
  A shadow (D:13)
  2 redbacks (Vaults:1)
  15 water elementals
  3 humans (Zot:3)
  18 yaks
  A hog (Snake:3)
  A yaktaur simulacrum (Vaults:2)
  2 wargs
  15 nagas
  A soldier ant (shapeshifter) (Vaults:1)
  A floating eye (shapeshifter) (Vaults:5)
  A floating eye (Depths:3)
  A black bear (Lair:1)
  5 orc warriors
  A phantom (D:8)
  A boggart (Depths:1)
  19 ogres
  A wolf (Lair:2)
  A crocodile (Lair:5)
  3 centaurs
  2 bullfrogs
  An earth elemental (Elf:1)
  A killer bee (Lair:2)
  2 howler monkeys (D:10)
  A bullfrog zombie (D:10)
  2 human simulacra
  3 orc priests
  4 orc wizards
  22 orcs
  A quokka (D:8)
  2 kobolds (D:14)
  A butterfly (Lair:4)
  8 crawling corpses
  2 fungi (Lair:1)
  8 plants
511 creatures vanquished.

Vanquished Creatures (others)
  Mara (Vaults:3)
  A deep elf master archer (Elf:3)
  A storm dragon (Zot:3)
  A tengu reaver (Vaults:4)
  A fire giant (Depths:3)
  A draconian scorcher (Depths:5)
  3 centaur warriors
  A deep elf mage (Elf:1)
  A salamander (Snake:3)
  A yaktaur (Depths:5)
  An air elemental (Elf:1)
  A water elemental (Depths:5)
  A naga (Snake:4)
  2 centaurs
  An orc (Vaults:5)
  3 fungi
  11 plants
32 creatures vanquished.

Grand Total: 2413 creatures vanquished

Notes
Turn   | Place    | Note
-------+----------+-------------------------------------------
     0 | D:1      | AtlasWard the Ghoul Monk began the quest for the Orb.
     0 | D:1      | Reached XP level 1. HP: 19/19 MP: 0/0
    63 | D:1      | Reached XP level 2. HP: 23/27 MP: 1/1
   279 | D:1      | Reached XP level 3. HP: 29/33 MP: 2/2
   846 | D:2      | Reached XP level 4. HP: 41/41 MP: 3/3
  1051 | D:2      | Reached skill level 5 in Fighting
  1251 | D:2      | Noticed Terence
  1264 | D:2      | Killed Terence
  1264 | D:2      | Reached skill level 1 in Polearms
  1264 | D:2      | Reached XP level 5. HP: 48/48 MP: 4/4
  1944 | D:3      | Noticed an ogre
  2359 | D:4      | Reached XP level 6. HP: 51/57 MP: 1/5
  2371 | D:4      | Noticed a phantom
  2374 | D:4      | Found a glowing drain.
  2385 | Sewer    | Entered a sewer
  2853 | D:4      | Killed a phantom
  2903 | D:4      | Noticed Edmund
  3119 | D:3      | Reached XP level 7. HP: 39/63 MP: 3/6
  3636 | D:5      | Entered Level 5 of the Dungeon
  3732 | D:5      | Noticed Grinder
  3762 | D:5      | Paralysed by Grinder for 4 turns
  3788 | D:5      | Killed Grinder
  3788 | D:5      | Reached XP level 8. HP: 66/74 MP: 4/7
  3810 | D:5      | Found a sparkling altar of Nemelex Xobeh.
  3993 | D:5      | Reached skill level 5 in Polearms
  4233 | D:5      | Found a runed translucent door.
  4234 | D:5      | Noticed Crazy Yiuf
  4423 | D:5      | Killed Crazy Yiuf
  4459 | D:6      | Found a shadowy altar of Dithmenos.
  4497 | D:6      | Reached skill level 1 in Spellcasting
  4531 | D:6      | Found Daeshurch's Gadget Shoppe.
  4580 | D:6      | Found Wimovai's Assorted Antiques.
  4615 | D:6      | Found Vyot's Jewellery Boutique.
  4634 | D:6      | Found a staircase to the Ecumenical Temple.
  4647 | D:6      | Found Xuijizec's Magic Scroll Emporium.
  4651 | D:6      | Bought a scroll of identify for 28 gold pieces
  4651 | D:6      | Bought a scroll of blinking for 105 gold pieces
  4651 | D:6      | Bought a scroll of immolation for 49 gold pieces
  4651 | D:6      | Bought a scroll of remove curse for 42 gold pieces
  4657 | Temple   | Entered the Ecumenical Temple
  4880 | Temple   | Became a worshipper of Kikubaaqudgha
  4880 | Temple   | Reached * piety under Kikubaaqudgha
  4880 | Temple   | Identified Kikubaaqudgha's Volume of Black Rites
                  | (Kikubaaqudgha gifted it to you in the Ecumenical Temple)
  4880 | Temple   | Received a gift from Kikubaaqudgha
  4880 | Temple   | Reached ** piety under Kikubaaqudgha
  4884 | Temple   | Learned a level 1 spell: Animate Skeleton
  4886 | Temple   | Learned a level 1 spell: Pain
  4952 | D:6      | Reached skill level 1 in Necromancy
  4997 | D:6      | Reached skill level 2 in Necromancy
  5118 | D:6      | Found Lanerch's Antique Weapon Boutique.
  5171 | D:6      | Reached skill level 3 in Necromancy
  5436 | D:6      | Found a radiant altar of Vehumet.
  5580 | D:4      | Killed Edmund
  5580 | D:4      | Reached skill level 4 in Necromancy
  5580 | D:4      | Reached XP level 9. HP: 60/82 MP: 11/11
  5734 | D:7      | Reached skill level 5 in Necromancy
  6227 | D:7      | Reached skill level 6 in Necromancy
  7079 | D:8      | Reached skill level 7 in Necromancy
  7261 | D:8      | Reached skill level 8 in Necromancy
  7332 | D:8      | Reached XP level 10. HP: 89/90 MP: 12/12
  7439 | D:8      | Found a hazy altar of Hepliaklqana.
  7493 | D:8      | Reached *** piety under Kikubaaqudgha
  7493 | D:8      | Identified Kikubaaqudgha's Compendium of Dark Arts
                  | (Kikubaaqudgha gifted it to you on level 8 of the Dungeon)
  7493 | D:8      | Received a gift from Kikubaaqudgha
  7784 | D:9      | Found a radiant altar of Vehumet.
  8200 | D:9      | Found a stormy altar of Qazlal.
  8352 | D:10     | Entered Level 10 of the Dungeon
  8544 | D:9      | Reached skill level 1 in Shields
  8674 | D:10     | Reached **** piety under Kikubaaqudgha
  9232 | D:10     | Found Jabi's Gadget Shoppe.
  9354 | D:9      | Learned a level 3 spell: Vampiric Draining
  9387 | D:10     | Learned a level 4 spell: Animate Dead
  9667 | D:10     | Reached XP level 11. HP: 24/99 MP: 1/16
  9718 | D:10     | Found a staircase to the Lair.
  9787 | D:10     | Reached skill level 10 in Fighting
  9913 | D:10     | Found a portal to a secret trove of treasure.
 10104 | Lair:1   | Entered Level 1 of the Lair of Beasts
 10266 | Lair:1   | Reached ***** piety under Kikubaaqudgha
 10331 | Lair:1   | Reached skill level 10 in Polearms
 10405 | Lair:1   | Noticed a six-headed hydra
 10417 | Lair:1   | Killed a six-headed hydra
 10758 | Lair:1   | Reached skill level 9 in Necromancy
 12032 | Lair:2   | Found a staircase to the Shoals.
 12063 | Lair:2   | Reached XP level 12. HP: 86/106 MP: 13/17
 12229 | Lair:2   | Got an opal-studded leather armour
 12238 | Lair:2   | Got a slimy scale mail
 12241 | Lair:2   | Identified the +3 leather armour of the Turtledove {Str-2
                  | Dex+7} (You found it on level 2 of the Lair of Beasts)
 12242 | Lair:2   | Identified the +1 scale mail "Pathosiyhi" {rCorr Str+3
                  | Dex-2 Slay+3} (You found it on level 2 of the Lair of
                  | Beasts)
 12449 | Lair:2   | Noticed Nergalle
 12457 | Lair:2   | Killed Nergalle
 12475 | Lair:2   | Found a staircase to the Snake Pit.
 13045 | Lair:3   | Reached skill level 10 in Necromancy
 13087 | Lair:3   | Noticed a seven-headed hydra
 13107 | Lair:3   | Killed a seven-headed hydra
 13107 | Lair:3   | Reached skill level 1 in Armour
 13255 | Lair:3   | You fall through a shaft!
 13853 | Lair:3   | Noticed an eight-headed hydra
 13866 | Lair:3   | Killed an eight-headed hydra
 13866 | Lair:3   | Reached skill level 11 in Necromancy
 14011 | Lair:3   | Found a runed translucent door.
 14014 | Lair:3   | Noticed a seven-headed hydra
 14933 | Lair:4   | Noticed a five-headed hydra
 14938 | Lair:4   | Killed a five-headed hydra
 14951 | Lair:4   | Reached XP level 13. HP: 110/112 MP: 18/18
 15210 | Lair:4   | Reached skill level 12 in Necromancy
 15606 | Lair:5   | Reached skill level 1 in Evocations
 16389 | Lair:5   | Found a staircase to the Slime Pits.
 16513 | Lair:5   | Got a slimy leather armour
 16514 | Lair:5   | Identified the +1 leather armour "Qeamp" {Slay+3} (You
                  | found it on level 5 of the Lair of Beasts)
 16545 | Lair:5   | Learned a level 5 spell: Dispel Undead
 16546 | Lair:6   | Entered Level 6 of the Lair of Beasts
 16905 | Lair:5   | Reached skill level 5 in Armour
 17335 | Lair:6   | Reached skill level 5 in Spellcasting
 17754 | Lair:6   | Reached ****** piety under Kikubaaqudgha
 17758 | Lair:6   | Identified a +9 spear of pain (a +7 spear of piercing
                  | bloodied by Kikubaaqudgha)
 17758 | Lair:6   | Received a gift from Kikubaaqudgha
 18028 | Lair:6   | Reached XP level 14. HP: 109/124 MP: 16/21
 18130 | Lair:6   | Got a fine golden ring
 18142 | Lair:6   | Identified the ring "Gach" {rF+ rN+ MR+ Dex-5 Slay+3} (You
                  | found it on level 6 of the Lair of Beasts)
 18313 | D:11     | Reached skill level 13 in Necromancy
 19214 | D:12     | Found a staircase to the Orcish Mines.
 20213 | D:13     | Reached skill level 14 in Necromancy
 21229 | D:14     | Reached skill level 15 in Necromancy
 21237 | D:14     | Found a gate leading to a gauntlet.
 21252 | Gauntlet | Entered a Gauntlet
 21252 | Gauntlet | Found a transporter.
 21259 | Gauntlet | Found a transporter.
 21261 | Gauntlet | Found a transporter.
 21277 | Gauntlet | Found a transporter.
 21279 | Gauntlet | Found a transporter.
 21290 | Gauntlet | Found a transporter.
 21305 | Gauntlet | Found a transporter.
 21315 | Gauntlet | Found a transporter.
 21325 | Gauntlet | Found a transporter.
 21342 | Gauntlet | Found a transporter.
 21353 | Gauntlet | Found a transporter.
 21353 | Gauntlet | Found a transporter.
 21393 | Gauntlet | Found a transporter.
 21407 | Gauntlet | Found a transporter.
 21639 | Gauntlet | Got a steaming platinum amulet
 21656 | Gauntlet | Identified the amulet of Feom Wopp {Inacc Int+3} (You found
                  | it in a Gauntlet)
 22438 | D:14     | Reached XP level 15. HP: 130/133 MP: 23/23
 22872 | D:14     | Found a gate to the Vaults.
 22881 | D:14     | Got an iridescent great sword
 22882 | D:14     | Identified the +8 great sword "Kiraumpu" {flame, rPois MP-9
                  | Str+2 Int+2} (You found it on level 14 of the Dungeon)
 23039 | D:14     | Identified a scroll of acquirement
 23109 | D:15     | Entered Level 15 of the Dungeon
 24283 | D:15     | Found a staircase to the Depths.
 24450 | Orc:1    | Entered Level 1 of the Orcish Mines
 24484 | Orc:1    | Noticed an orc warlord
 24512 | Orc:1    | Killed an orc warlord
 24555 | Orc:1    | Reached skill level 5 in Shields
 24999 | Orc:1    | Found a roughly hewn altar of Beogh.
 25264 | Orc:2    | Entered Level 2 of the Orcish Mines
 25354 | Orc:2    | Found Mecuohui's Food Shoppe.
 25379 | Orc:2    | Found Xexiket's General Store.
 25459 | Orc:2    | Bought a scroll of identify for 30 gold pieces
 25459 | Orc:2    | Bought a scroll of magic mapping for 52 gold pieces
 25491 | Orc:2    | Noticed Erolcha
 25747 | Orc:2    | Reached skill level 16 in Necromancy
 25808 | Orc:2    | Reached XP level 16. HP: 94/144 MP: 8/24
 26114 | Orc:2    | Killed Erolcha
 26628 | Orc:2    | Found Tubbagutoh's Antique Weapon Boutique.
 26628 | Orc:2    | Found Zoteph's Book Shop.
 26628 | Orc:2    | Found a one-way gate leading to the halls of Pandemonium.
 26689 | Orc:2    | Found a staircase to the Elven Halls.
 27024 | Orc:2    | Learned a level 6 spell: Death Channel
 27172 | Snake:1  | Entered Level 1 of the Snake Pit
 27173 | Snake:1  | You fall through a shaft!
 27434 | Snake:2  | Found Yduckog's Antique Armour Shoppe.
 27444 | Snake:2  | Bought the +3 warlock's mirror {reflect} for 1120 gold
                  | pieces
 27444 | Snake:2  | Found the +3 warlock's mirror {reflect}
 27573 | Snake:2  | Found Qiusaptyob's Jewellery Emporium.
 27604 | Snake:2  | Found Rodiwawo's Food Shoppe.
 27680 | Snake:2  | Noticed Louise
 27702 | Snake:2  | Killed Louise
 28857 | Snake:1  | Found a transporter.
 28857 | Snake:1  | Found a transporter.
 28986 | Snake:1  | Found Cupnats's Distillery.
 28994 | Snake:1  | Bought a potion of heal wounds for 75 gold pieces
 28994 | Snake:1  | Bought a potion of heal wounds for 75 gold pieces
 28994 | Snake:1  | Bought 2 potions of cancellation for 240 gold pieces
 29180 | Snake:1  | You fall through a shaft!
 30032 | Snake:3  | Reached skill level 5 in Dodging
 30651 | Snake:3  | Noticed Kirke
 31237 | Snake:3  | Reached XP level 17. HP: 107/152 MP: 5/25
 31486 | Snake:3  | Killed Kirke
 31635 | Snake:4  | Entered Level 4 of the Snake Pit
 31658 | Snake:4  | Reached skill level 17 in Necromancy
 32085 | Snake:4  | Found Ubiosysmiza's Gadget Boutique.
 32086 | Snake:4  | Found Yczownoh's Jewellery Emporium.
 32087 | Snake:4  | Found Zugu's Gadget Boutique.
 32154 | Snake:4  | Reached skill level 10 in Armour
 32953 | Snake:4  | Got a serpentine rune of Zot
 33091 | Snake:4  | Upgraded the game from 0.23.0-2-g0fe3ce5 to
                  | 0.23.0-3-gf3c87f2
 33098 | Snake:4  | Learned a level 5 spell: Borgnjor's Vile Clutch
 33221 | Shoals:1 | Entered Level 1 of the Shoals
 33351 | Shoals:1 | Reached skill level 1 in Earth Magic
 33376 | Shoals:1 | Reached skill level 18 in Necromancy
 33420 | Shoals:1 | Reached XP level 18. HP: 119/160 MP: 8/26
 34906 | Shoals:3 | Noticed Roxanne
 35138 | Snake:2  | Bought a pair of embroidered boots for 210 gold pieces
 35339 | Vaults:1 | Entered Level 1 of the Vaults
 35839 | Vaults:1 | Reached skill level 5 in Earth Magic
 36147 | Vaults:1 | Found a burning altar of Makhleb.
 36244 | Vaults:1 | Found Babing's Jewellery Emporium.
 36688 | D:6      | Bought the amulet "Hycwizam" {Reflect +Inv rC++ rN+ Int-4
                  | SH+4} for 651 gold pieces
 36688 | D:6      | Bought the ring of Tueveur {rN+ MR++ Str-2} for 374 gold
                  | pieces
 37123 | Vaults:2 | Found a flickering gateway to a bazaar.
 37185 | Bazaar   | Entered a bazaar
 37188 | Bazaar   | Found Sooga's Gadget Emporium.
 37188 | Bazaar   | Found Xemeamubb's Jewellery Shoppe.
 37195 | Bazaar   | Found Utocimm's Distillery.
 37195 | Bazaar   | Found Nimuturgh's Antique Weapon Emporium.
 37502 | Bazaar   | Bought a potion of resistance for 130 gold pieces
 37757 | Vaults:2 | Reached XP level 19. HP: 135/167 MP: 27/27
 37786 | Vaults:2 | Reached skill level 10 in Shields
 37914 | Vaults:2 | Reached skill level 15 in Polearms
 38666 | Vaults:2 | Got a fine plate armour
 38667 | Vaults:2 | Identified the +7 plate armour of Moacve {MR+} (You found
                  | it on level 2 of the Vaults)
 38672 | Vaults:2 | Got a flickering iron ring
 38673 | Vaults:2 | Identified the ring "Ehoaral" {+Fly Str+3} (You acquired it
                  | on level 2 of the Vaults)
 38701 | Vaults:2 | Got a translucent lapis lazuli ring
 38702 | Vaults:2 | Identified the ring of Lucidity {Ice *Slow rPois Str+3}
                  | (You acquired it on level 2 of the Vaults)
 38798 | Vaults:2 | Found a staircase to the Crypt.
 38798 | Vaults:2 | Found an ancient bone altar of Kikubaaqudgha.
 38799 | Vaults:2 | Found a basalt altar of Yredelemnul.
 38934 | Vaults:3 | Reached skill level 19 in Necromancy
 38980 | Vaults:3 | Noticed Mara
 39034 | Vaults:3 | Noticed AtlasWard's illusion
 39056 | Vaults:3 | Killed Mara
 39204 | Vaults:3 | Noticed Mennas
 39239 | Vaults:3 | HP: 6/167 [Mennas/+0 trishula of holy wrath (23)]
 40901 | Shoals:3 | Reached skill level 20 in Necromancy
 41155 | Shoals:3 | Killed Roxanne
 41314 | Shoals:4 | Entered Level 4 of the Shoals
 41703 | Shoals:4 | Got a barnacled rune of Zot
 41872 | Shoals:4 | Noticed Polyphemus
 41895 | Shoals:4 | Killed Polyphemus
 41972 | Shoals:4 | Reached XP level 20. HP: 174/174 MP: 28/28
 42768 | Vaults:3 | Noticed Xtahua
 42842 | Vaults:3 | Killed Xtahua
 43349 | Vaults:4 | Noticed Sojobo
 43440 | Vaults:4 | Killed Sojobo
 43558 | Vaults:4 | Noticed Frederick
 43576 | Vaults:4 | Killed Frederick
 44783 | Vaults:3 | Reached XP level 21. HP: 42/181 MP: 20/31
 44840 | Vaults:3 | Killed Mennas
 44885 | Vaults:3 | HP: 5/181 [yaktaur/bolt[a vault warden] (11)]
 45515 | Vaults:3 | Noticed Boris
 45534 | Vaults:3 | Killed Boris
 46282 | Depths:1 | Entered Level 1 of the Depths
 46495 | Depths:1 | Noticed Margery
 46512 | Depths:1 | Killed Margery
 46826 | Depths:1 | Found a gateway to Hell.
 47456 | D:10     | You paid a toll of a +8 demon whip to enter a treasure
                  | trove
 47457 | Trove    | Entered a treasure trove
 47460 | Trove    | Found the +3 crown of Dyrovepreva {rElec Int+2 SInv}
 47484 | Trove    | Got a crude plate armour
 47486 | Trove    | Got a pair of faintly humming gloves
 47488 | Trove    | Got a transparent cloak
 47492 | Trove    | Got a shimmering large shield
 47494 | Trove    | Got a pair of faintly humming gloves
 47496 | Trove    | Got a pair of polished boots
 47498 | Trove    | Got a pair of shimmering gloves
 47507 | Trove    | Got a brightly glowing shield
 47522 | Trove    | Identified the +4 pair of gloves of the Pits of Slime
                  | {rPois} (You found it in a treasure trove)
 47524 | Trove    | Got a pair of heavily runed gloves
 47535 | Trove    | Identified the +0 pair of gloves "Aqia" {rC+ rN+} (You
                  | found it in a treasure trove)
 47570 | Trove    | Identified the +1 plate armour "Forget-Me-Not" {Dex+4} (You
                  | found it in a treasure trove)
 47586 | Trove    | Identified the -4 cloak of Reytaa {MR+ Int+3 Stlth+} (You
                  | found it in a treasure trove)
 47660 | Trove    | Identified the -3 pair of boots of the Trees {Int+7 Dex-5
                  | Slay+3} (You found it in a treasure trove)
 47671 | Trove    | Identified the +4 large shield "Ecsigitt" {rC++} (You found
                  | it in a treasure trove)
 47676 | Trove    | Identified the +1 pair of gloves of the End {Str+3} (You
                  | found it in a treasure trove)
 47686 | Trove    | Identified the +2 pair of gloves "Fethrioge" {Int+4} (You
                  | found it in a treasure trove)
 47696 | Trove    | Identified the +3 shield "Zemm" {Regen+ Str+2 Dex+2} (You
                  | found it in a treasure trove)
 47919 | Elf:1    | Entered Level 1 of the Elven Halls
 48380 | Elf:1    | Reached skill level 21 in Necromancy
 48392 | Elf:1    | Reached XP level 22. HP: 183/190 MP: 34/34
 49532 | Elf:2    | Found a huge runed translucent gate.
 49532 | Elf:2    | Found a huge runed translucent gate.
 49532 | Elf:2    | Found a huge runed translucent gate.
 49578 | Elf:2    | Found a huge runed translucent gate.
 49579 | Elf:2    | Found a huge runed translucent gate.
 49726 | Elf:2    | Found Agho's Weapon Emporium.
 49785 | Elf:2    | Found Mucanleo's Gadget Emporium.
 50053 | Elf:3    | Entered Level 3 of the Elven Halls
 50778 | Elf:3    | Got a warped scale mail
 50783 | Elf:3    | Identified the cursed +1 scale mail of Qotzoig {rPois} (You
                  | found it on level 3 of the Elven Halls)
 50786 | Elf:3    | Identified the +7 chain mail of Ybiushru {Stlth+}
 50808 | Elf:3    | Reached skill level 15 in Fighting
 50819 | Elf:3    | Identified the +2 ring mail of Elyvilon's Outrage {+Blink
                  | MP+9 SInv}
 51381 | Elf:3    | Reached skill level 10 in Spellcasting
 51651 | Elf:3    | Found the +15 Maxwell's patent armour {-Cast -Tele rElec
                  | MR+ rCorr}
 52136 | Elf:3    | Identified the Volume of Floating Enhancements
 52200 | Elf:3    | Learned a level 6 spell: Simulacrum
 52574 | Depths:2 | Reached skill level 1 in Ice Magic
 52639 | Depths:2 | Found a gateway to a ziggurat.
 54167 | Depths:2 | Reached XP level 23. HP: 169/199 MP: 28/36
 54652 | Depths:3 | Found a one-way gate to the infinite horrors of the Abyss.
 54939 | Depths:3 | Reached skill level 5 in Ice Magic
 55004 | Depths:3 | Noticed Asterion
 55006 | Depths:3 | Noticed Boris
 55025 | Depths:3 | Killed Boris
 55037 | Depths:3 | Killed Asterion
 55261 | Depths:3 | Paralysed by a floating eye for 4 turns
 56106 | Depths:4 | Reached skill level 22 in Necromancy
 56134 | Depths:4 | Found a magical portal.
 56167 | WizLab   | Entered Iskenderun's Mystic Tower
 56710 | WizLab   | Identified the Disquisition on Freezing Augmentations
 56727 | WizLab   | Identified Iskenderun's Handbook of Space
 56727 | WizLab   | Identified Iskenderun's Reference Book on Arcane Weapons
 56845 | WizLab   | Learned a level 5 spell: Agony
 56887 | Depths:4 | Noticed a juggernaut
 56904 | Depths:4 | Killed a juggernaut
 56904 | Depths:4 | Reached XP level 24. HP: 134/214 MP: 27/36
 57447 | Depths:5 | Entered Level 5 of the Depths
 57539 | Depths:5 | Found a gate to the Realm of Zot.
 57580 | Depths:5 | Reached skill level 15 in Shields
 58999 | Vaults:5 | Entered Level 5 of the Vaults
 59051 | Vaults:5 | HP: 8/214 [stone giant (32)]
 59054 | Vaults:5 | Reached skill level 10 in Ice Magic
 59348 | Vaults:5 | Got a silver rune of Zot
 59422 | Vaults:5 | Reached XP level 25. HP: 209/223 MP: 32/36
 59847 | Vaults:5 | Got a shimmering bone ring
 59908 | Vaults:5 | Reached skill level 10 in Dodging
 60553 | Vaults:5 | Identified the cursed +0 plate armour of Ahuyfi {*Contam
                  | rPois rC+++ Dex+4}
 60553 | Vaults:5 | Identified the ring of the Omega Point {Ice rPois MR+
                  | Str-4}
 60591 | Vaults:5 | Identified the cursed ring of Keocol {rC++ Str-2} (You
                  | found it on level 5 of the Vaults)
 60748 | Vaults:5 | Found Padghumm's Armour Shop.
 60751 | Vaults:5 | Identified Het Saog's Handbook of Necromancy
 60771 | Vaults:5 | Identified Fariadoh's Disquisition on Execration and
                  | Displacement
 61017 | Vaults:5 | HP: 11/223 [titan (43)]
 61832 | Vaults:5 | Bought the +1 pair of gloves of the Raven {rPois rC+ Int+4
                  | Dex+4} for 890 gold pieces
 62369 | Zot:1    | Entered Level 1 of the Realm of Zot
 62938 | Zot:1    | Reached skill level 23 in Necromancy
 63503 | Zot:2    | Reached XP level 26. HP: 184/232 MP: 27/36
 64009 | Zot:3    | Noticed a Killer Klown
 64023 | Zot:3    | Killed a Killer Klown
 64786 | Zot:3    | Noticed a Killer Klown
 64787 | Zot:3    | Noticed a Killer Klown
 64796 | Zot:3    | Killed a Killer Klown
 64806 | Zot:3    | Killed a Killer Klown
 64808 | Zot:3    | Noticed a Killer Klown
 64828 | Zot:3    | Noticed a Killer Klown
 64831 | Zot:3    | Killed a Killer Klown
 64845 | Zot:3    | Killed a Killer Klown
 64845 | Zot:3    | Reached skill level 15 in Armour
 65587 | Zot:4    | Learned a level 2 spell: Blink
 65736 | Zot:5    | Entered Level 5 of the Realm of Zot
 65754 | Zot:5    | Reached skill level 1 in Translocations
 65867 | Zot:5    | Reached skill level 24 in Necromancy
 66084 | Zot:5    | Reached XP level 27. HP: 191/238 MP: 31/36
 66473 | Zot:5    | Noticed an orb of fire
 66513 | Zot:5    | Killed an orb of fire
 66544 | Zot:5    | Noticed an ancient lich
 66552 | Zot:5    | Noticed an ancient lich
 66566 | Zot:5    | Killed an ancient lich
 66586 | Zot:5    | Killed an ancient lich
 66605 | Zot:5    | Noticed an orb of fire
 66606 | Zot:5    | HP: 10/238 [electric golem/bolt of lightning (4)]
 66610 | Zot:5    | Mangled by an Orb Guardian

Skill      XL: |  1  2  3  4  5  6  7  8  9 10 11 12 13 14 15 16 17 18 19 20 21 22 23 24 25 26 27 |
---------------+----------------------------------------------------------------------------------+-----
Fighting       | 4 5 6 7 8 9 10 11 12 13 14 15 17 18 | 18.0
Unarmed Combat | 4 |  4.0
Polearms       | 1 2 3 4 5 6 8 11 12 14 15 16 | 16.0
Spellcasting   | 2 4 5 6 7 9 10 | 10.0
Necromancy     | 4 8 9 11 12 15 16 18 20 21 22 23 24 | 24.5
Shields        | 3 4 6 8 9 10 11 12 13 14 15 | 15.0
Armour         | 4 6 8 9 10 11 12 14 15 | 15.0
Evocations     | 2 3 4 |  4.0
Dodging        | 3 4 5 6 8 9 11 13 14 | 14.5
Earth Magic    | 1 6 8 |  8.0
Ice Magic      | 3 7 10 | 10.0
Translocations | 3 |  3.0
Stealth        | |  2.1

Action                   |  1- 3 |  4- 6 |  7- 9 | 10-12 | 13-15 | 16-18 | 19-21 | 22-24 | 25-27 || total
-------------------------+-------+-------+-------+-------+-------+-------+-------+-------+-------++-------
Melee: Unarmed           |   108 |       |       |       |       |       |     6 |       |       ||   114
       Spear             |    11 |   293 |   415 |  1042 |  1483 |  1267 |  1493 |  1333 |   817 ||  8154
       Punch             |       |     1 |     1 |       |       |       |       |       |       ||     2
       Demon trident     |       |       |       |       |       |       |   114 |   819 |   324 ||  1257
 Cast: Animate Skeleton  |       |       |     6 |    58 |    87 |    77 |    75 |    65 |    41 ||   409
       Pain              |       |       |     1 |       |       |       |       |       |       ||     1
       Vampiric Draining |       |       |       |    12 |     1 |       |       |       |       ||    13
       Animate Dead      |       |       |       |     1 |    13 |    15 |    13 |     4 |     4 ||    50
       Dispel Undead     |       |       |       |       |     4 |     3 |     5 |    18 |       ||    30
       Death Channel     |       |       |       |       |       |    24 |    43 |    35 |    34 ||   136
       Borgnjor's Vile C |       |       |       |       |       |     3 |    19 |    22 |    41 ||    85
       Agony             |       |       |       |       |       |       |       |     1 |       ||     1
       Simulacrum        |       |       |       |       |       |       |       |     3 |     6 ||     9
       Blink             |       |       |       |       |       |       |       |       |     1 ||     1
Invok: Receive Corpses   |       |       |       |       |    19 |    18 |    24 |     8 |     9 ||    78
       Torment           |       |       |       |       |     4 |     1 |       |     2 |       ||     7
       Brand Weapon With |       |       |       |       |     1 |       |       |       |       ||     1
 Abil: Stop Flying       |       |       |       |       |       |       |     2 |       |       ||     2
       Evoke Flight      |       |       |       |       |       |       |     2 |       |       ||     2
Evoke: Wand              |       |       |       |    20 |    14 |       |     6 |       |       ||    40
  Use: Scroll            |       |    10 |     2 |    14 |    14 |     8 |    23 |    10 |    20 ||   101
       Potion            |       |       |     1 |       |     1 |     3 |    21 |     7 |     5 ||    38
 Stab: Sleeping          |     2 |       |       |       |       |       |       |       |     1 ||     3
       Distracted        |       |     1 |       |     2 |     4 |    23 |    24 |    20 |    14 ||    88
       Invisible         |       |       |     2 |       |       |       |       |       |       ||     2
       Petrified         |       |       |       |       |       |       |     4 |       |       ||     4
  Eat: Chunk             |     9 |     9 |    35 |    94 |    99 |   121 |   127 |   124 |    70 ||   688
       Ration            |       |       |       |       |       |     1 |     2 |     2 |     3 ||     8
Armor: Robe              |    14 |       |       |    48 |       |       |       |       |       ||    62
       Scale mail        |     9 |   120 |    80 |   116 |   258 |   189 |   115 |       |       ||   887
       Fire dragon scale |       |       |       |       |       |       |    56 |   356 |   194 ||   606
Dodge: Dodged            |    83 |   132 |    93 |   270 |   267 |   234 |   183 |   264 |   176 ||  1702
       Deflected         |       |       |       |       |    17 |    67 |    36 |    37 |    26 ||   183
Block: Buckler           |       |       |    24 |    95 |   103 |   249 |   361 |   572 |    82 ||  1486
       Reflection        |       |       |       |       |       |    53 |    71 |    77 |    17 ||   218
       Shield            |       |       |       |       |       |       |       |       |   288 ||   288
